 Dungeon Crawl Stone Soup version 0.31-a0-831-g143b1e81fc (webtiles) character file.

Game seed: 17404442724406565444

35 Dirtsage the Chopper (level 3, 0/29 HPs)
             Began as a Demonspawn Berserker on Sept 24, 2023.
             Was a Follower of Trog.
             Succumbed to an adder's poison
             ... on level 2 of the Dungeon.
             The game lasted 00:01:31 (907 turns).

Dirtsage the Chopper (Demonspawn Berserker)          Turns: 907, Time: 00:01:31

Health: 0/29       AC:  2    Str: 19    XL:     3   Next: 17%
Magic:  3/3        EV: 12    Int:  8    God:    Trog [*.....]
Gold:   49         SH:  0    Dex: 12    Spells: 2/2 levels left

rFire   . . .        a - +0 hand axe
rCold   . . .        (no shield)
rNeg    . . .        b - +0 animal skin
rPois   .            (no helmet)
rElec   .            (no cloak)
rCorr   .            (no gloves)
SInv    .            (no boots)
Will    .....        (no amulet)
Stlth   +            (no ring)
HPRegen 0.24/turn    (no ring)
MPRegen 0.08/turn

%: no passive effects
@: lethally poisoned (0 -> -5), on berserk cooldown, slowed, very slow
A: powered by pain 2
a: Renounce Religion, Berserk


You were on level 2 of the Dungeon.
You worshipped Trog.
Trog was aware of your devotion.
You visited 1 branch of the dungeon, and saw 2 of its levels.

You collected 49 gold pieces.

Inventory:

Hand Weapons
 a - a +0 hand axe (weapon)
Armour
 b - a +0 animal skin (worn)
Scrolls
 d - 3 scrolls of identify {unknown}
 e - a scroll of immolation {unknown}
Potions
 c - a potion of heal wounds {unknown}


   Skills:
 - Level 3.0 Fighting
 + Level 3.9 Axes
 - Level 1.7 Armour
 - Level 1.7 Dodging


You had 2 spell levels left.
You didn't know any spells.
Your spell library was empty.

Dungeon Overview and Level Annotations

Branches:
Dungeon (2/15)

Altars:


Innate Abilities, Weirdness & Mutations

You sometimes gain power by taking damage.


Message History

You are frozen.
* * * LOW HITPOINT WARNING * * *
You take 4 damage, and have 9/36 hp.
You barely miss the adder.
The adder is almost dead.
You slash the endoplasm!
You kill the endoplasm!
Trog accepts your kill.
You feel sick. The adder bites you but does no damage.
You take 1 damage, and have 8/36 hp.
You barely miss the adder.
The adder is almost dead.
You feel sick. The adder bites you.
* * * LOW HITPOINT WARNING * * *
You are lethally poisoned!
The adder poisons you!
You take 4 damage, and have 4/36 hp.
You slash the adder!
You kill the adder!
Trog accepts your kill.
* * * LOW HITPOINT WARNING * * *
You feel sick.
You have reached level 3!
Your experience leads to an increase in your attributes!
Increase (s)trength, (i)ntelligence, or (d)exterity?
You feel stronger. x2; Your demonic ancestry asserts itself...
You feel even more energised by your suffering.
You take 1 damage, and have 3/43 hp.
MP restored: 3
* * * LOW HITPOINT WARNING * * *
You feel sick.
You take 1 damage, and have 2/43 hp.
You feel a strong urge to attack something.
* * * LOW HITPOINT WARNING * * *
You feel sick.
You take 1 damage, and have 1/43 hp.
You are no longer berserk.
You are exhausted.
You feel yourself slow down.
You die...

#.....##.#
#....<...#
#.##.....##.#
#.......##
######..# #..#
#..## #...#
##@)#
.......).....#
#####......[...
#.#..##....
#.#..# .###
#.#..# # # #..#
#..#


There were no monsters in sight!

Vanquished Creatures
  An adder (D:2)
  3 dart slugs (D:1)
  A ball python (D:1)
  2 endoplasms
  2 hobgoblins (D:1)
  4 kobolds
  A quokka (D:1)
  3 bats (D:1)
  3 frilled lizards (D:1)
  A rat (D:1)
21 creatures vanquished.

Notes
Turn   | Place    | Note
-------+----------+-------------------------------------------
     0 | D:1      | Dirtsage the Demonspawn Berserker began the quest for the
                  | Orb.
     0 | D:1      | Reached XP level 1. HP: 18/18 MP: 1/1
   319 | D:1      | Gained mutation: You sometimes gain a little power by
                  | taking damage. [demonic ancestry]
   319 | D:1      | Reached XP level 2. HP: 9/24 MP: 2/2
   905 | D:2      | Gained mutation: You sometimes gain power by taking damage.
                  | [demonic ancestry]
   905 | D:2      | Reached XP level 3. HP: 3/29 MP: 3/3
   905 | D:2      | HP: 2/43 [poisoned by an adder]
   907 | D:2      | Succumbed to an adder's poison

Illustrated notes

Levels and vault maps discovered:
D:1:      dpeg_arrival_water_fire, layout_basic
D:2:      layout_loops_ring, uniq_terence, uniq_natasha

Skill      XL: |  1 |
---------------+----+-----
Axes           | 3 |  3.9
Fighting       | |  3.0
Armour         | |  1.7
Dodging        | |  1.7

Action                     || total
---------------------------++-------
  Melee: Hand axe          ||    73
         Punch             ||     1
 Invoke: Berserk           ||     2
 Armour: Animal skin       ||    54
  Dodge: Dodged            ||    46

Table legend: (Time is in decaauts)
 A = Elapsed time spent in this place.
 B = Non-inter-level travel time spent in this place.
 C = Inter-level travel time spent in this place.
 D = Time resting spent in this place.
 E = Time spent auto-exploring this place.
 F = Levels seen in this place.
 G = Mean time per level.
                   A        B        C        D        E       F      G
               +--------+--------+--------+--------+--------+-----+--------+
         Total |    919 |    897 |     22 |     70 |    667 |   2 |  459.5 |
       Dungeon |    919 |    897 |     22 |     70 |    667 |   2 |  459.5 |
               +--------+--------+--------+--------+--------+-----+--------+

Top non-repeatable levels by time:
     D:1: 900 daAuts
     D:2: 19 daAuts
